 Dungeon Crawl Stone Soup version 0.26.1-11-gd32895ea62 (webtiles) character file.

Game seed: 1019773350149920443

226 nothank2 the Sneak (level 6, 0/32 HPs)
             Began as a Kobold Enchanter on July 11, 2021.
             Slain by Grinder (5 damage)
             ... while paralysed by Grinder
             ... on level 3 of the Dungeon.
             The game lasted 00:08:46 (2858 turns).

nothank2 the Sneak (Kobold Enchanter)               Turns: 2858, Time: 00:08:47

Health: 0/32       AC:  4    Str:  5    XL:     6   Next: 22%
Magic:  8/9        EV:  3    Int: 17    God:
Gold:   154        SH:  0    Dex: 17    Spells: 6/9 levels left

rFire    + . .     SeeInvis .   g - +1 dagger (venom)
rCold    + . .     Faith    .   (shield restricted)
rNeg     . . .     Spirit   .   b - +0 robe
rPois    .         Reflect  .   (no helmet)
rElec    .         Harm     .   l - scarf {rC+ rF+}
rCorr    .         Rampage  .   e - +0 pair of gloves
Will     .....                  q - +0 pair of boots
Stlth    +++++.....             (no amulet)
HPRegen  0.10/turn              k - ring of flight
MPRegen  0.11/turn              (no ring)

@: paralysed
A: small, nightstalker 3
a: Evoke Flight


You were on level 3 of the Dungeon.
You visited 1 branch of the dungeon, and saw 3 of its levels.

You collected 154 gold pieces.

Inventory:

Hand Weapons
 a - a +1 dagger
 g - a +1 dagger of venom (weapon)
Missiles
 s - a throwing net
Armour
 b - a +0 robe (worn)
 e - a +0 pair of gloves (worn)
 l - a scarf of resistance (worn)
 q - a +0 pair of boots (worn)
Jewellery
 k - a ring of flight (left hand)
Wands
 t - a wand of enslavement (8)
Scrolls
 d - 3 scrolls of amnesia {unknown}
 f - 2 scrolls of teleportation {unknown}
 h - a scroll of random uselessness {unknown}
 j - 4 scrolls of identify {unknown}
 o - 3 scrolls of enchant armour {unknown}
 p - 2 scrolls of enchant weapon {unknown}
 r - a scroll of magic mapping {unknown}
 v - a scroll of fear {unknown}
Potions
 c - a potion of cancellation {unknown}
 i - a potion of resistance {unknown}
 m - a potion of curing {unknown}
 n - a potion of ambrosia {unknown}
 u - a potion of haste {unknown}
 w - a potion of heal wounds {unknown}


   Skills:
 - Level 1.3 Short Blades
 - Level 2.4 Dodging
 + Level 7.1 Stealth
 - Level 2.1 Spellcasting
 + Level 5.0 Hexes


You had 6 spell levels left.
You knew the following spells:

 Your Spells              Type           Power        Failure   Level
a - Corona                Hex            21%          2%          1
b - Ensorcelled Hibernat  Hex/Ice        20%          11%         2

Your spell library contained the following spells:

 Spells                   Type           Power        Failure   Level
 Confusing Touch          Hex            19%          7%          3
 Tukima's Dance           Hex            19%          7%          3
 Dazzling Flash           Conj/Hex       20%          21%         3


Dungeon Overview and Level Annotations

Branches:
Dungeon (3/15)

Altars:
Gozag
Makhleb
Sif Muna

Annotations:
D:3 Grinder


Innate Abilities, Weirdness & Mutations

You are small and have problems with some larger weapons.
You are completely attuned to the shadows.


Message History

Grinder is lightly wounded.
Grinder says, "You look like you could use a good racking."
Grinder gestures at you. Pain shoots through your body!
You are too injured to fight recklessly!
You are too injured to fight recklessly!
You barely miss Grinder.
Grinder is lightly wounded.
Grinder gestures at you. Pain shoots through your body!
* * * LOW HITPOINT WARNING * * *
Grinder gestures at you.
You suddenly lose the ability to move!
Grinder gestures at you. You resist with significant effort.
Grinder blinks!
Grinder hits you.
* * * LOW HITPOINT WARNING * * *
You writhe in agony.
You die...

#...########...###
#.....#...#.....##
...................
####...#...#.###.##
#####.........# #..#
.............###..#
####................#
..............#####.#
###@#........#####.#
#5#....#.###.....#
..........#†# #.###.#
####.####.#.# #.###.#
#.# #.#.# #.##.#. #.#
#.###.#.### .......##
# #####.### ##.#.


You could see Grinder (very poisoned, corona).

Vanquished Creatures
  Ijyb (D:3)
  Natasha (D:2)
  4 gnolls (D:2)
  4 adders
  5 oozes
  3 worms (D:3)
  3 leopard geckos
  3 giant cockroaches
  6 goblins
  5 hobgoblins
  8 jackals
  2 quokkas
  A ball python (D:1)
  12 bats
  8 frilled lizards
  5 kobolds
  9 rats
80 creatures vanquished.

Vanquished Creatures (others)
  A plant (D:2)
1 creature vanquished.

Grand Total: 81 creatures vanquished

Notes
Turn   | Place    | Note
-------+----------+-------------------------------------------
     0 | D:1      | nothank2 the Kobold Enchanter began the quest for the Orb.
     0 | D:1      | Reached XP level 1. HP: 10/10 MP: 3/3
   158 | D:1      | Reached XP level 2. HP: 15/15 MP: 5/5
   169 | D:1      | Learned a level 2 spell: Ensorcelled Hibernation
   229 | D:1      | Reached XP level 3. HP: 19/19 MP: 6/6
   313 | D:1      | Reached skill level 5 in Stealth
   835 | D:2      | Reached XP level 4. HP: 18/24 MP: 4/7
  1216 | D:2      | Found a burning altar of Makhleb.
  1380 | D:2      | Found a shimmering blue altar of Sif Muna.
  1447 | D:2      | Reached skill level 6 in Stealth
  1447 | D:2      | Reached XP level 5. HP: 23/28 MP: 3/8
  1477 | D:2      | Noticed Natasha
  1950 | D:2      | Killed Natasha
  2442 | D:3      | Noticed Ijyb
  2447 | D:3      | Killed Ijyb
  2448 | D:3      | Reached XP level 6. HP: 32/32 MP: 9/9
  2518 | D:3      | Reached skill level 7 in Stealth
  2540 | D:3      | Reached skill level 5 in Hexes
  2633 | D:3      | Found an opulent altar of Gozag.
  2845 | D:3      | Noticed Grinder
  2853 | D:3      | Paralysed by Grinder for 7 turns
  2858 | D:3      | Slain by Grinder

Illustrated notes

Levels and vault maps discovered:
D:1:      lemuel_arrival_muddy, layout_basic, corexii_leaking_fountain,
          grunt_decor_fettered, minmay_shallow_snake_nest
D:2:      cheibrodos_old_hovel, layout_rooms, lemuel_blue_sif_altar,
          lemuel_tele_altar, uniq_natasha
D:3:      layout_loops_ring, nicolae_gozag_cash_rules_everything_around_me,
          uniq_grinder, uniq_ijyb, uniq_jessica

Skill      XL: |  1  2  3  4  5  6 |
---------------+-------------------+-----
Stealth        | 5 6 7 |  7.1
Hexes          | 4 5 |  5.0
Short Blades   | |  1.3
Dodging        | |  2.4
Spellcasting   | |  2.1

Action                   |  1- 3 |  4- 6 || total
-------------------------+-------+-------++-------
Melee: Dagger            |    59 |    92 ||   151
 Cast: Ensorcelled Hiber |     1 |    15 ||    16
       Corona            |       |     4 ||     4
 Stab: Sleeping          |    17 |    36 ||    53
       Distracted        |     1 |       ||     1
Armor: Robe              |     6 |    18 ||    24
Dodge: Dodged            |    35 |    57 ||    92
